 Dungeon Crawl Stone Soup version 0.21-a0-84-g85d6d27 (webtiles) character file.

282 HallandMoats the Skirmisher (level 6, 0/40 HPs)
             Began as a Gargoyle Fighter on June 30, 2017.
             Killed from afar by an orc wizard (2 damage)
             ... with a puff of flame
             ... on level 3 of the Dungeon.
             The game lasted 00:04:10 (2737 turns).

HallandMoats the Skirmisher (Gargoyle Fighter)      Turns: 2737, Time: 00:04:10

Health: 0/40       AC: 12    Str: 20    XL:     6   Next: 28%
Magic:  6/6        EV: 10    Int:  8    God:
Gold:   125        SH:  4    Dex: 11    Spells: 5/5 levels left

rFire    . . .     SeeInvis .   a - +0 war axe
rCold    + . .     Gourm    +   l - +0 buckler
rNeg     + . .     Faith    .   b - +0 scale mail
rPois    ∞         Spirit   .   (no helmet)
rElec    +         Reflect  .   (no cloak)
rCorr    .         Harm     .   (no gloves)
MR       .....                  s - +0 pair of boots
Stlth    ..........             k - amulet of the gourmand
HPRegen  0.13/turn              c - ring of protection from cold
MPRegen  0.10/turn              (no ring)

@: no status effects
A: negative energy resistance 1, electricity resistance, unbreathing,
petrification resistance, rot immunity, AC +4
a: no special abilities


You were on level 3 of the Dungeon.
You were completely stuffed.

You visited 1 branch of the dungeon, and saw 3 of its levels.

You collected 125 gold pieces.

Inventory:

Hand Weapons
 a - a +0 war axe (weapon)
Armour
 b - a +0 scale mail (worn)
 l - a +0 buckler (worn)
 s - a +0 pair of boots (worn)
Jewellery
 c - a ring of protection from cold (left hand)
 k - an amulet of the gourmand (around neck)
 p - an uncursed ring of ice
Scrolls
 g - 8 scrolls of identify {unknown}
 i - a scroll of teleportation {unknown}
 m - a scroll of remove curse {unknown}
 r - a scroll of amnesia {unknown}
Potions
 d - a potion of might
 e - a potion of invisibility {unknown}
 n - a potion of curing {unknown}
 o - a potion of haste {unknown}
 u - a potion of degeneration {unknown}
Comestibles
 f - 2 bread rations
 h - a meat ration
 j - a royal jelly
 q - a chunk of flesh
 t - 13 fruits


   Skills:
 * Level 5.1 Fighting
 * Level 3.2 Axes
 + Level 4.1 Armour
 * Level 1.3 Dodging
 - Level 4.1 Shields


You had 5 spell levels left.
You didn't know any spells.

Dungeon Overview and Level Annotations

Branches:
Dungeon (3/15)

Altars:
Xom


Innate Abilities, Weirdness & Mutations

You are resistant to torment.
Your stone body is resilient. (AC +4)
You are immune to poison.
You resist negative energy. (rN+)
You are resistant to electric shocks. (rElec)
You can survive without breathing.
You are immune to petrification.
You are immune to rotting.


Message History

You hear some strange, mumbled words.
Something tries to affect you, but you resist.
Things that are here:
a trident; a ring mail Something hits you but does no damage.
Things that are here:
a trident; a leather armour You closely miss something.
You hear some strange, mumbled words.
A puff of flame appears from out of thin air!
The puff of flame hits you!
* * * LOW HITPOINT WARNING * * *
Something hits you.
* * * LOW HITPOINT WARNING * * *
You closely miss something. Something hits you but does no damage.
You closely miss something.
You hear some strange, mumbled words.
A puff of flame appears from out of thin air!
The puff of flame hits you!
You die...

########## #.......(#
#........# #........#
##########).......#
####.........)@......#
###....########..{.....#
....#### #.......$#
##### #........#
..........# ###
############ ##.( ####
..#####...# #....#.....


There were no monsters in sight!

Vanquished Creatures
  A crimson imp (D:3)
  3 orc wizards (D:3)
  Natasha (D:2)
  4 gnolls (D:3)
  2 adders (D:3)
  3 worms (D:3)
  3 dart slugs
  3 leopard geckos
  3 orcs (D:3)
  2 giant cockroaches (D:2)
  3 goblins
  3 hobgoblins (D:2)
  8 jackals
  A quokka (D:3)
  A ball python (D:3)
  10 bats
  3 frilled lizards (D:2)
  9 kobolds
  5 rats
68 creatures vanquished.

Notes
Turn   | Place    | Note
-------+----------+-------------------------------------------
     0 | D:1      | HallandMoats the Gargoyle Fighter began the quest for the Orb.
     0 | D:1      | Reached XP level 1. HP: 14/14 MP: 1/1
   343 | D:1      | Reached XP level 2. HP: 19/19 MP: 2/2
  1052 | D:2      | Reached XP level 3. HP: 15/23 MP: 3/3
  1759 | D:3      | Noticed Natasha
  1764 | D:3      | Reached skill level 4 in Fighting
  1778 | D:2      | Killed Natasha
  1778 | D:2      | Reached XP level 4. HP: 12/29 MP: 4/4
  2161 | D:3      | Reached XP level 5. HP: 27/34 MP: 5/5
  2536 | D:3      | Found a shimmering altar of Xom.
  2701 | D:3      | Reached skill level 1 in Dodging
  2710 | D:3      | Reached skill level 5 in Fighting
  2710 | D:3      | Reached XP level 6. HP: 11/40 MP: 6/6
  2735 | D:3      | HP: 2/40 [something (1)]
  2737 | D:3      | Killed from afar by an orc wizard

Vault maps used:
D:1:      dpeg_arrival_stonehenge_12_columns, serial_forest,
          infiniplex_forest_lined_2, infiniplex_forest_clump_double,
          infiniplex_forest_lined_3, infiniplex_forest_clump_curved,
          infiniplex_forest_clump_medium, infiniplex_forest_3_way,
          infiniplex_forest_lined_2, infiniplex_forest_fountain,
          minmay_misc_feat_doors
D:3:      led_xom_imps, dk_vineyard_2, uniq_natasha

Skill      XL: |  1  2  3  4  5 |
---------------+----------------+-----
Axes           | 2 3 |  3.2
Fighting       | 4 5 |  5.1
Shields        | 4 |  4.1
Armour         | 4 |  4.1
Dodging        | 1 |  1.3

Action                   |  1- 3 |  4- 6 || total
-------------------------+-------+-------++-------
Melee: War axe           |   153 |   107 ||   260
  Eat: Chunk             |    15 |     3 ||    18
Armor: Scale mail        |   109 |    94 ||   203
Dodge: Dodged            |   104 |    91 ||   195
Block: Shield            |     7 |       ||     7
       Buckler           |    47 |    39 ||    86
